 Dungeon Crawl Stone Soup version 0.26-a0-28-gc929df5585 (webtiles) character file.

Game seed: 1460879533979760261, levelgen mode: deterministic

31771 MordorOrchid the Cruncher (level 13, -4/104 HPs)
             Began as a Gnoll Wanderer on May 28, 2020.
             Was the Champion of Cheibriados.
             Slain by Jorgrun
             ... wielding an uncursed staff of earth
              (17 damage)
             ... on level 14 of the Dungeon.
             The game lasted 01:33:02 (12696 turns).

MordorOrchid the Cruncher (Gnoll Wanderer)         Turns: 12696, Time: 01:33:03

Health: -4/104     AC: 16    Str: 39    XL:     13   Next: 60%
Magic:  2/25       EV: 20    Int: 31    God:    Cheibriados [******]
Gold:   717        SH:  0    Dex: 38    Spells: 15/28 levels left

rFire    . . .     SeeInvis .   p - +4 trident "Qoek" {drain, rElec Str+7 Dex-5}
rCold    . . .     Gourm    .   (no shield)
rNeg     . . .     Faith    .   T - +5 steam dragon scales
rPois    +         Spirit   .   R - +2 hat
rElec    +         Reflect  .   e - +1 cloak {rPois}
rCorr    .         Harm     .   (no gloves)
MR       .....                  (no boots)
Stlth    +++++.....             (no amulet)
HPRegen  0.27/turn              z - +6 ring of dexterity
MPRegen  0.19/turn              M - +6 ring of dexterity

@: grasped by roots, very slightly contaminated, constricted, very slow
A: distributed training, fangs 1, strong nose
a: Bend Time, Temporal Distortion, Slouch, Step From Time, Renounce Religion


You were on level 14 of the Dungeon.
You worshipped Cheibriados.
Cheibriados was exalted by your worship.
You were not hungry.

You visited 2 branches of the dungeon, and saw 15 of its levels.
You also visited: Ossuary.

You collected 1209 gold pieces.
You spent 492 gold pieces at shops.

Inventory:

Hand Weapons
 a - a +2 quarterstaff
 c - a +0 hunting sling of freezing
 j - a +5 shortbow of flaming
 p - the +4 trident "Qoek" (weapon) {drain, rElec Str+7 Dex-5}
   (You found it on level 5 of the Dungeon)

   A truly terrible weapon, it drains the life of those it strikes.
   It affects your strength (+7).
   It affects your dexterity (-5).
   It insulates you from electricity.
 y - a +3 dagger of venom
 A - a +3 broad axe
 V - the +3 dagger of the Endless March {freeze, *Slow MP+9 Int+3}
   (You found it on level 8 of the Dungeon)

   It has been specially enchanted to freeze those struck by it, causing extra
   injury to most foes and up to half again as much damage against particularly
   susceptible opponents.
   It can also slow down cold-blooded creatures.
   It affects your intelligence (+3).
   It affects your magic capacity (+9).
   It may slow you when you take damage.
Missiles
 m - 364 arrows
 t - 76 bolts
 B - 53 sling bullets
 G - 2 throwing nets (quivered)
 N - 7 boomerangs
 Q - 18 poisoned darts
Armour
 e - a +1 cloak of poison resistance (worn)
 v - a +3 leather armour of fire resistance
 R - a +2 hat (worn)
 T - +5 steam dragon scales (worn)
Magical Staves
 x - an uncursed staff of energy
Jewellery
 b - an uncursed ring of see invisible
 q - the ring of Ohius {rN+ Str+6 Slay+2}
   (You took it off a skeletal warrior on level 13 of the Dungeon)

   [ring of positive energy]

   It affects your strength (+6).
   It affects your accuracy and damage with ranged weapons and melee attacks
   (+2).
   It protects you from negative energy.
 r - an uncursed ring of poison resistance
 s - an uncursed ring of positive energy
 z - a +6 ring of dexterity (left hand)
 I - a +6 ring of intelligence
 M - a +6 ring of dexterity (right hand)
 Z - an uncursed ring of fire
Wands
 h - a wand of disintegration (10)
 J - a wand of iceblast (6)
 Y - a wand of flame (12)
Scrolls
 i - 4 scrolls of amnesia
 k - 5 scrolls of magic mapping
 n - 3 scrolls of remove curse
 o - 4 scrolls of fog
 C - 7 scrolls of teleportation
 D - 2 scrolls of blinking
 F - 2 scrolls of immolation
 O - 2 scrolls of fear
 W - a scroll of noise {unknown}
 X - a scroll of summoning
Potions
 d - a potion of mutation
 g - 3 potions of heal wounds
 l - 2 potions of flight
 u - a potion of invisibility
 w - 11 potions of curing
 E - a potion of resistance
 H - a potion of might
 K - a potion of magic {unknown}
 L - a potion of ambrosia {unknown}
 P - 3 potions of cancellation
 S - a potion of haste
 U - 2 potions of lignification {unknown}
Comestibles
 f - 28 rations


   Skills:
 + Level 10.5 Fighting
 + Level 8.3 Short Blades
 + Level 8.3 Long Blades
 + Level 8.3 Axes
 + Level 8.3 Maces & Flails
 + Level 8.7 Polearms
 + Level 10.5 Staves
 + Level 8.3 Slings
 + Level 8.3 Bows
 + Level 8.3 Crossbows
 + Level 8.7 Throwing
 + Level 8.3 Armour
 + Level 8.7 Dodging
 + Level 8.7 Stealth
 + Level 8.3 Shields
 + Level 8.3 Unarmed Combat
 + Level 8.3 Spellcasting
 + Level 6.9 Conjurations
 + Level 6.9 Hexes
 + Level 6.9 Charms
 + Level 6.9 Summonings
 + Level 6.9 Necromancy
 + Level 6.9 Translocations
 + Level 6.9 Transmutations
 + Level 6.9 Fire Magic
 + Level 6.9 Ice Magic
 + Level 6.9 Air Magic
 + Level 6.9 Earth Magic
 + Level 6.9 Poison Magic
 + Level 9.1 Invocations
 + Level 8.3 Evocations


You had 15 spell levels left.
You knew the following spells:

 Your Spells              Type           Power        Failure   Level  Hunger
j - Summon Lightning Spi  Summ/Air       ######..     2%          4    None
s - Summon Ice Beast      Ice/Summ       ######..     2%          4    None
E - Borgnjor's Vile Clut  Necr/Erth      ######....   6%          5    ####...

Your spell library contained the following spells:

 Spells                   Type           Power        Failure   Level  Hunger
 Summon Small Mammal      Summ           ####         1%          1    None
 Call Imp                 Summ           ######..     1%          2    None
 Ensorcelled Hibernation  Hex/Ice        ######       1%          2    None
 Call Canine Familiar     Summ           ######..     1%          3    None
 Ignite Poison            Fire/Tmut/Pois ######..     1%          3    None
 Summon Guardian Golem    Hex/Summ       ######..     1%          3    None
 Fireball                 Conj/Fire      ######....   6%          5    ####...
 Silence                  Hex/Air        ######....   6%          5    ####...
 Darkness                 Hex            ######....   34%         6    #####..
 Shadow Creatures         Summ           N/A          34%         6    #####..
 Starburst                Conj/Fire      ######....   34%         6    #####..
 Ring of Flames           Chrm/Fire      ######....   88%         7    #######
 Ignition                 Fire           ######....   100%        8    #######


Dungeon Overview and Level Annotations

Branches:
Dungeon (14/15)            Temple (1/1) D:7            Lair (0/6) D:8
    Orc (0/2) D:11        Ossuary (visited)
 Vaults: D:13-14

Altars:
Ashenzari
Cheibriados
Dithmenos
Elyvilon
Fedhas
Gozag
Hepliaklqana
Kikubaaqudgha
Makhleb
Nemelex Xobeh
Okawaru
Qazlal
Ru
Sif Muna
Trog
Uskayaw
Vehumet
Wu Jian
Xom
Yredelemnul
Zin
The Shining One
Beogh

Shops:
D:4 *   D:5 ![*(   D:10 %   D:14 :(*

Annotations:
D:8 dig
D:14 Jorgrun


Innate Abilities, Weirdness & Mutations

Your experience applies equally to all skills.
You have very sharp teeth.
Your uncanny sense of smell can sniff out nearby items.


Message History

The grasping roots constrict you!
You closely miss Jorgrun.
Jorgrun is lightly wounded.
Jorgrun hits you with an uncursed staff of earth.
The grasping roots constrict you.
Unknown command.
The flow of time bends around you.
Cheibriados rebukes Jorgrun.
Jorgrun seems to slow down.
You feel slightly more hungry.
Your lightning spire shoots out a bolt of lightning at Jorgrun!
The bolt of electricity hits Jorgrun!
Unknown command.
You puncture Jorgrun! You drain Jorgrun. Your punch misses Jorgrun.
Jorgrun is moderately wounded.
Your lightning spire shoots out a bolt of lightning at Jorgrun!
The bolt of electricity hits Jorgrun!
Jorgrun casts a spell past your lightning spire.
The wall shatters!
The blast of rock fragments hits you!!
* * * LOW HITPOINT WARNING * * *
You die...

#....#.#......##.....
#.∩.∩#.#..###########
#.#..#....###....∩.##
#.##.####...<#.##....
##.##.# #.####.####.#
#..##.# #.# #..
#...#†# #.# ###
##8...####### #.#
#...@....... #.#
#.#.g.###... ..#
#.##...# #.###...#
#.###....(#..
#.†uu((.....(
######......u ####..


You could see Jorgrun (slow, drained) and a friendly lightning spire (summoned).

Vanquished Creatures
  Snorg (D:10)
  A fire dragon (D:11)
  Erolcha (D:11)
  A hydra (D:13)
  7 two-headed ogres
  Nergalle (D:11)
  A skeletal warrior (D:13)
  2 unseen horrors (D:13)
  Pikel (D:4)
  An orb spider (shapeshifter) (D:13)
  10 ugly things (D:14)
  2 deep elf magi
  A manticore (D:10)
  3 cyclopes
  The ghost of DungeonDestroyer the Shield-Bearer, a novice GnFi of Xom (D:5)
  The ghost of iamserjio the Skirmisher, a novice OpCK of Xom (D:5)
  A kobold demonologist (D:13)
  The ghost of Fv001 the Shield-Bearer, a novice GrFi of Okawaru (D:5)
  3 komodo dragons
  2 trolls
  The ghost of niknal the Summoner, a novice TeSu (D:5)
  The ghost of Caphalor the Skirmisher, an amateur DsAK of Lugonu (D:5)
  4 hippogriffs
  2 shadows
  Sigmund (D:4)
  A water elemental (D:14)
  11 yaks
  A wyvern (D:9)
  A steam dragon (shapeshifter) (D:13)
  A hungry ghost (D:9)
  A steam dragon (D:8)
  A vampire mosquito (D:13)
  Duvessa (D:4)
  2 soldier ants
  An ice beast (D:8)
  7 orc warriors
  4 slaves (D:4)
  A phantom (D:14)
  2 black bears (D:13)
  6 ogres
  4 necrophages
  4 sky beasts
  10 centaurs
  2 big kobolds
  An elf zombie (Ossuary)
  Blork the orc (D:4)
  12 bullfrogs
  A wyvern zombie (D:7)
  Dowan (D:4)
  4 scorpions
  A water moccasin skeleton (D:11)
  4 howler monkeys
  3 wights (D:7)
  6 crimson imps
  3 centaur zombies
  A quasit (D:9)
  2 human zombies (Ossuary)
  3 jellies
  6 orc priests
  10 orc wizards
  4 hounds
  A bullfrog zombie (D:7)
  A gnoll shaman (D:10)
  3 bullfrog skeletons
  3 iguanas
  Terence (D:3)
  Natasha (thrice) (D:3)
  13 worker ants
  A killer bee zombie (D:7)
  A hound skeleton (D:8)
  3 mummies
  A worker ant zombie (D:7)
  7 gnolls
  16 adders
  A howler monkey skeleton (D:10)
  2 shadow imps
  3 oozes
  3 adder skeletons
  2 adder zombies
  4 worms
  3 dart slugs
  4 leopard geckos
  49 orcs
  2 ball pythons
  5 bats
  4 giant cockroaches
  12 goblins
  6 hobgoblins
  22 jackals
  20 kobolds
  3 quokkas
  2 frilled lizards
  A giant cockroach zombie (D:5)
  2 goblin zombies (Ossuary)
  14 hobgoblin zombies (Ossuary)
  A jackal zombie (D:6)
  7 kobold zombies (Ossuary)
  A leopard gecko skeleton (D:5)
  3 leopard gecko zombies
  8 orc zombies (Ossuary)
  2 quokka skeletons
  11 rats
  A rat zombie (Ossuary)
427 creatures vanquished.

Vanquished Creatures (collateral kills)
  2 cyclopes
  2 ugly things
  A centaur skeleton (D:13)
  A freezing wraith (D:13)
  2 yaks
  A vampire mosquito (D:13)
  A hungry ghost (D:11)
  A big kobold (D:11)
  A bullfrog (D:13)
  A howler monkey (D:11)
  A nameless horror (D:11)
  A bullfrog zombie (D:11)
  An orc wizard (D:11)
  An orc priest (D:11)
  An iguana (D:11)
  3 orcs
  3 kobolds (D:11)
24 creatures vanquished.

Grand Total: 451 creatures vanquished

Notes
Turn   | Place    | Note
-------+----------+-------------------------------------------
     0 | D:1      | MordorOrchid the Gnoll Wanderer began the quest for the
                  | Orb.
     0 | D:1      | MordorOrchid set off with the following items: a +2
                  | quarterstaff, a +0 falchion, a scroll of teleportation, a
                  | +0 robe, a ration
     0 | D:1      | Reached XP level 1. HP: 23/23 MP: 1/1
    93 | D:1      | Reached XP level 2. HP: 29/29 MP: 2/2
   634 | D:2      | Reached XP level 3. HP: 35/35 MP: 3/3
   641 | D:2      | Reached skill level 1 in Invocations
   652 | D:2      | Reached skill level 1 in Short Blades
   652 | D:2      | Reached skill level 1 in Long Blades
   652 | D:2      | Reached skill level 1 in Axes
   652 | D:2      | Reached skill level 1 in Maces & Flails
   652 | D:2      | Reached skill level 1 in Slings
   652 | D:2      | Reached skill level 1 in Bows
   652 | D:2      | Reached skill level 1 in Crossbows
   652 | D:2      | Reached skill level 1 in Armour
   652 | D:2      | Reached skill level 1 in Shields
   652 | D:2      | Reached skill level 1 in Unarmed Combat
   652 | D:2      | Reached skill level 1 in Spellcasting
   652 | D:2      | Reached skill level 1 in Evocations
   652 | D:2      | Reached XP level 4. HP: 29/41 MP: 3/5
   889 | D:2      | Reached skill level 1 in Conjurations
   889 | D:2      | Reached skill level 1 in Hexes
   889 | D:2      | Reached skill level 1 in Charms
   889 | D:2      | Reached skill level 1 in Summonings
   889 | D:2      | Reached skill level 1 in Necromancy
   889 | D:2      | Reached skill level 1 in Translocations
   889 | D:2      | Reached skill level 1 in Transmutations
   889 | D:2      | Reached skill level 1 in Fire Magic
   889 | D:2      | Reached skill level 1 in Ice Magic
   889 | D:2      | Reached skill level 1 in Air Magic
   889 | D:2      | Reached skill level 1 in Earth Magic
   889 | D:2      | Reached skill level 1 in Poison Magic
  1051 | D:2      | Reached XP level 5. HP: 40/47 MP: 6/6
  1171 | D:2      | Found a glowing silver altar of Zin.
  1171 | D:2      | Noticed an angel
  1490 | D:3      | Found an opulent altar of Gozag.
  1689 | D:3      | Noticed Natasha
  1697 | D:3      | Killed Natasha
  1872 | D:3      | Noticed Natasha
  1897 | D:3      | Killed Natasha
  1897 | D:3      | Reached XP level 6. HP: 38/53 MP: 8/8
  1952 | D:3      | Noticed Natasha
  1958 | D:3      | Killed Natasha
  2009 | D:3      | Noticed Terence
  2011 | D:3      | Killed Terence
  2161 | D:4      | Noticed Sigmund
  2169 | D:4      | Killed Sigmund
  2169 | D:4      | Reached XP level 7. HP: 59/59 MP: 8/10
  2198 | D:4      | Noticed Pikel
  2250 | D:4      | Noticed Duvessa
  2362 | D:4      | Noticed Dowan
  2431 | D:4      | Killed Pikel
  2431 | D:4      | Reached XP level 8. HP: 67/67 MP: 10/12
  2478 | D:4      | Killed Duvessa
  2490 | D:4      | Killed Dowan
  2847 | D:4      | Found Vovoetu's Assorted Antiques.
  2912 | D:4      | Bought a scroll of identify for 52 gold pieces
  2912 | D:4      | Bought a scroll of identify for 52 gold pieces
  3135 | D:4      | Noticed Blork the orc
  3156 | D:4      | Killed Blork the orc
  3215 | D:4      | Found a bloodstained altar of Trog.
  3304 | D:5      | Entered Level 5 of the Dungeon
  3379 | D:5      | Found Femm's Armour Shop.
  3391 | D:5      | Found Zing's Distillery.
  3394 | D:5      | Bought a potion of heal wounds for 55 gold pieces
  3394 | D:5      | Bought a potion of stabbing for 44 gold pieces
  3394 | D:5      | Bought a potion of curing for 33 gold pieces
  3541 | D:5      | Got a shimmering trident
  3542 | D:5      | Identified the +4 trident "Qoek" {drain, rElec Str+7 Dex-5}
                  | (You found it on level 5 of the Dungeon)
  3611 | D:5      | Reached XP level 9. HP: 66/72 MP: 14/14
  3637 | D:5      | Found a runed translucent gate.
  3637 | D:5      | Found a runed translucent gate.
  3637 | D:5      | Noticed iamserjio's ghost (novice OpCK)
  3643 | D:5      | Found a runed translucent gate.
  3643 | D:5      | Noticed Caphalor's ghost (amateur DsAK)
  3644 | D:5      | Noticed niknal's ghost (novice TeSu)
  3644 | D:5      | Noticed DungeonDestroyer's ghost (novice GnFi)
  3644 | D:5      | Noticed Fv001's ghost (novice GrFi)
  3669 | D:5      | Killed DungeonDestroyer's ghost
  3681 | D:5      | Killed Fv001's ghost
  3693 | D:5      | Killed niknal's ghost
  3693 | D:5      | Reached skill level 5 in Polearms
  3693 | D:5      | Reached skill level 5 in Throwing
  3693 | D:5      | Reached skill level 5 in Dodging
  3699 | D:5      | Killed iamserjio's ghost
  3699 | D:5      | Reached skill level 5 in Stealth
  3710 | D:5      | Killed Caphalor's ghost
  3710 | D:5      | Reached skill level 5 in Invocations
  3759 | D:5      | Found Amirir's Assorted Antiques.
  3779 | D:5      | Bought a scroll labeled GELLUO IRORIAJ for 27 gold pieces
  3779 | D:5      | Bought a scroll of identify for 54 gold pieces
  3779 | D:5      | Bought a scroll of identify for 54 gold pieces
  3809 | D:5      | Found Ryjeid's Antique Weapon Emporium.
  3891 | D:5      | Found a basalt altar of Yredelemnul.
  3891 | D:5      | Found a blossoming altar of Fedhas.
  3892 | D:5      | Found a radiant altar of Vehumet.
  3892 | D:5      | Found an iron altar of Okawaru.
  4613 | D:6      | Reached XP level 10. HP: 35/80 MP: 15/17
  4904 | D:5      | Bought a potion of invisibility for 88 gold pieces
  4904 | D:5      | Bought a potion of curing for 33 gold pieces
  5580 | D:7      | Reached skill level 5 in Short Blades
  5580 | D:7      | Reached skill level 5 in Long Blades
  5580 | D:7      | Reached skill level 5 in Axes
  5580 | D:7      | Reached skill level 5 in Maces & Flails
  5580 | D:7      | Reached skill level 5 in Slings
  5580 | D:7      | Reached skill level 5 in Bows
  5580 | D:7      | Reached skill level 5 in Crossbows
  5580 | D:7      | Reached skill level 5 in Armour
  5580 | D:7      | Reached skill level 5 in Shields
  5580 | D:7      | Reached skill level 5 in Unarmed Combat
  5580 | D:7      | Reached skill level 5 in Spellcasting
  5580 | D:7      | Reached skill level 5 in Evocations
  5647 | D:7      | Found a sacrificial altar of Ru.
  5776 | D:7      | Found a staircase to the Ecumenical Temple.
  5848 | Temple   | Entered the Ecumenical Temple
  5921 | Temple   | Became a worshipper of Cheibriados the Contemplative
  6686 | D:8      | Reached * piety under Cheibriados
  6833 | D:8      | Found a sand-covered staircase.
  6837 | Ossuary  | Entered an ossuary
  7034 | Ossuary  | Reached ** piety under Cheibriados
  7161 | D:8      | Noticed a two-headed ogre
  7275 | D:8      | Got a bloodstained dagger
  7543 | D:8      | Reached *** piety under Cheibriados
  7604 | D:8      | Killed a two-headed ogre
  7604 | D:8      | Reached XP level 11. HP: 86/87 MP: 19/19
  7623 | D:8      | Found a roughly hewn altar of Beogh.
  7637 | D:8      | Identified the +3 dagger of the Endless March {freeze,
                  | *Slow MP+9 Int+3} (You found it on level 8 of the Dungeon)
  7655 | D:8      | Found a staircase to the Lair.
  8004 | D:9      | Noticed a two-headed ogre
  8359 | D:9      | Found an ancient bone altar of Kikubaaqudgha.
  8377 | D:9      | Noticed a two-headed ogre
  8390 | D:9      | Killed a two-headed ogre
  8390 | D:9      | Reached skill level 5 in Conjurations
  8390 | D:9      | Reached skill level 5 in Hexes
  8390 | D:9      | Reached skill level 5 in Charms
  8390 | D:9      | Reached skill level 5 in Summonings
  8390 | D:9      | Reached skill level 5 in Necromancy
  8390 | D:9      | Reached skill level 5 in Translocations
  8390 | D:9      | Reached skill level 5 in Transmutations
  8390 | D:9      | Reached skill level 5 in Fire Magic
  8390 | D:9      | Reached skill level 5 in Ice Magic
  8390 | D:9      | Reached skill level 5 in Air Magic
  8390 | D:9      | Reached skill level 5 in Earth Magic
  8390 | D:9      | Reached skill level 5 in Poison Magic
  8517 | D:9      | Found a shattered altar of Ashenzari.
  8652 | D:9      | Found a shadowy altar of Dithmenos.
  8677 | D:9      | Killed a two-headed ogre
  8734 | D:9      | Found a shimmering blue altar of Sif Muna.
  8735 | D:9      | Found a burning altar of Makhleb.
  8795 | D:9      | Reached **** piety under Cheibriados
  8879 | D:10     | Entered Level 10 of the Dungeon
  8926 | D:10     | Found Cydas Iph's Food Emporium.
  8997 | D:10     | Noticed a manticore
  9006 | D:10     | Killed a manticore
  9231 | D:10     | Noticed Snorg
  9344 | D:10     | Killed Snorg
  9387 | D:10     | Learned a level 4 spell: Summon Lightning Spire
  9392 | D:10     | Learned a level 4 spell: Summon Ice Beast
  9443 | D:11     | Found a snail-covered altar of Cheibriados.
  9580 | D:11     | Reached ***** piety under Cheibriados
  9594 | D:11     | Reached XP level 12. HP: 96/96 MP: 8/22
  9677 | D:11     | Noticed Erolcha
  9694 | D:11     | Paralysed by Erolcha for 6 turns
  9707 | D:11     | Killed Erolcha
  9793 | D:11     | Noticed a two-headed ogre
  9801 | D:11     | Killed a two-headed ogre
  9848 | D:11     | Found a staircase to the Orcish Mines.
  9878 | D:11     | Noticed Nergalle
 10011 | D:11     | Killed Nergalle
 10035 | D:11     | Noticed a fire dragon
 10047 | D:11     | Noticed a six-headed hydra
 10053 | D:11     | Killed a fire dragon
 10279 | D:11     | Noticed a two-headed ogre
 10292 | D:11     | Killed a two-headed ogre
 10323 | D:11     | Noticed a two-headed ogre
 10333 | D:11     | Killed a two-headed ogre
 11429 | D:13     | Noticed a two-headed ogre
 11452 | D:13     | Killed a two-headed ogre
 11452 | D:13     | Reached skill level 10 in Fighting
 11452 | D:13     | Reached skill level 10 in Staves
 11615 | D:13     | Reached ****** piety under Cheibriados
 11631 | D:13     | Identified the ring of Ohius {rN+ Str+6 Slay+2}
 11631 | D:13     | Noticed a four-headed hydra
 11658 | D:13     | Reached XP level 13. HP: 89/103 MP: 24/24
 11939 | D:13     | Learned a level 5 spell: Borgnjor's Vile Clutch
 12031 | D:14     | Found Guihopp Wiho's Weapon Shop.
 12040 | D:14     | Found Leychof's General Store.
 12540 | D:14     | Found Cimpooch's Book Shop.
 12578 | D:14     | Noticed Jorgrun
 12696 | D:14     | Slain by Jorgrun

Illustrated notes

Levels and vault maps discovered:
D:1:      shiori_arrival_maze, layout_basic
D:2:      layout_loops_ring, zin_angel, first_ration, minmay_ruptured
D:3:      layout_loops_ring, nicolae_overflow_hidden_temple, uniq_natasha,
          uniq_terence
D:4:      layout_basic, serial_shops, nicolae_shop_overgrown_old_shop,
          minmay_misc_feat_chi, bloody_trog, uniq_sigmund, uniq_duvessa,
          uniq_blork_the_orc, uniq_pikel
D:5:      layout_basic, grunt_temple_overflow_open, serial_shops, shop,
          nicolae_shop_behind_doors, shop_coins, shop, gammafunk_ghost_cemetery
D:6:      layout_loops_cross
D:7:      layout_basic, lemuel_coloured_pillars_altar,
          minmay_temple_entry_statues_pillars, serial_undead, serial_undead_c,
          serial_undead_c, serial_undead_e, serial_undead_f, serial_undead_c,
          serial_undead_b, serial_undead_a, serial_undead_e, serial_undead_f,
          serial_undead_c
D:8:      minmay_goldmine, layout_loops_ring, lair_entry_dummy, enter_ossuary_5,
          grunt_pizzeria, st_stairs_1, david_defended_altar_orc
D:9:      layout_roguey, lemuel_doored_altar, ashenzari_altar_1,
          gammafunk_temple_overflow_statue,
          nicolae_dithmenos_through_a_glass_darkly
D:10:     layout_basic, serial_shops, shop, minmay_fractal_squares_gapless_5,
          uniq_snorg
D:11:     minmay_blocky_corners, layout_grid_maze, david_orc_3, basic_altar,
          uniq_erolcha, uniq_nergalle
D:12:     layout_roguey
D:13:     minmay_the_grid_octo_triangle [minmay_the_grid_octo_odd_swirl,
          minmay_the_grid_octo_prize_ultimate_mussel_roller,
          minmay_the_grid_octo_checkerflower], layout_long_grid
D:14:     layout_basic, david_vaults_2, serial_shops, shop,
          nicolae_shop_waterfront, shop,
          nicolae_shop_competitors_out_of_business, shop, minmay_fountain_box,
          nrook_pool_corridor, kennysheep_generic_room_3, uniq_nessos,
          uniq_jorgrun
Temple:   jpeg_temple_clearing

Skill      XL: |  1  2  3  4  5  6  7  8  9 10 11 12 13 |
---------------+----------------------------------------+-----
Invocations    | 1 2 3 4 5 6 7 8 9 |  9.1
Short Blades   | 1 2 3 4 5 6 7 8 |  8.3
Long Blades    | 1 2 3 4 5 6 7 8 |  8.3
Axes           | 1 2 3 4 5 6 7 8 |  8.3
Maces & Flails | 1 2 3 4 5 6 7 8 |  8.3
Slings         | 1 2 3 4 5 6 7 8 |  8.3
Bows           | 1 2 3 4 5 6 7 8 |  8.3
Crossbows      | 1 2 3 4 5 6 7 8 |  8.3
Armour         | 1 2 3 4 5 6 7 8 |  8.3
Shields        | 1 2 3 4 5 6 7 8 |  8.3
Unarmed Combat | 1 2 3 4 5 6 7 8 |  8.3
Spellcasting   | 1 2 3 4 5 6 7 8 |  8.3
Evocations     | 1 2 3 4 5 6 7 8 |  8.3
Conjurations   | 1 2 3 4 5 6 |  6.9
Hexes          | 1 2 3 4 5 6 |  6.9
Charms         | 1 2 3 4 5 6 |  6.9
Summonings     | 1 2 3 4 5 6 |  6.9
Necromancy     | 1 2 3 4 5 6 |  6.9
Translocations | 1 2 3 4 5 6 |  6.9
Transmutations | 1 2 3 4 5 6 |  6.9
Fire Magic     | 1 2 3 4 5 6 |  6.9
Ice Magic      | 1 2 3 4 5 6 |  6.9
Air Magic      | 1 2 3 4 5 6 |  6.9
Earth Magic    | 1 2 3 4 5 6 |  6.9
Poison Magic   | 1 2 3 4 5 6 |  6.9
Polearms       | 3 4 5 6 7 8 |  8.7
Throwing       | 3 4 5 6 7 8 |  8.7
Dodging        | 3 4 5 6 7 8 |  8.7
Stealth        | 3 4 5 6 7 8 |  8.7
Fighting       | 7 8 9 10 | 10.5
Staves         | 7 8 9 10 | 10.5

Action                   |  1- 3 |  4- 6 |  7- 9 | 10-12 | 13-15 || total
-------------------------+-------+-------+-------+-------+-------++-------
Melee: Quarterstaff      |    37 |    49 |   151 |   114 |    14 ||   365
       Bite              |     5 |     5 |    33 |    95 |    24 ||   162
       Dagger            |       |     4 |    28 |    43 |     7 ||    82
       Trident           |       |       |     8 |   323 |    67 ||   398
       Punch             |       |       |       |    11 |     7 ||    18
       Shortbow          |       |       |       |       |     1 ||     1
 Fire: Hunting sling     |       |   159 |    79 |       |       ||   238
       Shortbow          |       |       |    42 |   339 |    45 ||   426
Throw: Stone             |       |       |     1 |       |       ||     1
       Boomerang         |       |       |       |     5 |       ||     5
 Cast: Summon Ice Beast  |       |       |       |    26 |     7 ||    33
       Summon Lightning  |       |       |       |    18 |     6 ||    24
Invok: Bend Time         |       |       |       |     5 |     6 ||    11
Evoke: Wand              |       |       |       |       |     1 ||     1
  Use: Scroll            |       |     4 |     8 |    15 |     3 ||    30
       Potion            |       |     1 |     5 |     3 |       ||     9
 Stab: Sleeping          |     4 |     1 |       |    11 |     7 ||    23
       Distracted        |       |       |       |     1 |       ||     1
       Invisible         |       |       |       |     1 |       ||     1
  Eat: Chunk             |       |     5 |     8 |    21 |     2 ||    36
       Ration            |       |       |       |       |     1 ||     1
Armor: Robe              |     3 |     6 |       |       |       ||     9
       Leather armour    |       |    19 |    31 |    28 |       ||    78
       Steam dragon scal |       |       |       |    50 |    26 ||    76
Dodge: Dodged            |    18 |    85 |   111 |   347 |    51 ||   612

Table legend:
 A = Non-vault XP
 B = Vault XP
 C = Vault XP percentage of total XP
 D = Non-vault monster count
 E = Vault monster count
 F = Vault count percentage of total count
                 A         B        C        D         E       F
            +---------+---------+-------+---------+---------+-------
      Total |   29798 |   15590 |  34.3 |     331 |     115 |  25.8
            +---------+---------+-------+---------+---------+-------
        D:1 |      30 |       0 |   0.0 |      18 |       0 |   0.0
        D:2 |     146 |      15 |   9.3 |      25 |       3 |  10.7
        D:3 |     178 |      71 |  28.5 |      44 |       2 |   4.3
        D:4 |     560 |    1183 |  67.9 |      20 |       5 |  20.0
        D:5 |     506 |    1798 |  78.0 |      23 |       5 |  17.9
        D:6 |     762 |       0 |   0.0 |      22 |       0 |   0.0
        D:7 |     606 |     715 |  54.1 |      19 |      12 |  38.7
        D:8 |    2437 |     485 |  16.6 |      30 |      16 |  34.8
        D:9 |    5161 |       0 |   0.0 |      29 |       0 |   0.0
       D:10 |    1197 |    1256 |  51.2 |      14 |       3 |  17.6
       D:11 |    4887 |    2915 |  37.4 |      31 |      11 |  26.2
       D:12 |    1496 |       0 |   0.0 |      17 |       0 |   0.0
       D:13 |    3163 |    6853 |  68.4 |      16 |      19 |  54.3
       D:14 |    8669 |       0 |   0.0 |      23 |       0 |   0.0
    Ossuary |       0 |     299 | 100.0 |       0 |      39 | 100.0
            +---------+---------+-------+---------+---------+-------
